 Dungeon Crawl Stone Soup version 0.29-a0-925-g0a7a3d12f8 (webtiles) character file.

Game seed: 4558197642060559399

18 freelancePsychic the Shooter (level 2, 0/15 HPs)
             Began as a Vine Stalker Hunter on July 29, 2022.
             Was a Believer of Elyvilon.
             Slain by a worm (9 damage)
             ... on level 2 of the Dungeon.
             The game lasted 00:01:44 (1117 turns).

freelancePsychic the Shooter (Vine Stalker Hunter)  Turns: 1117, Time: 00:01:45

Health: 0/15       AC:  3    Str: 13    XL:     2   Next: 70%
Magic:  0/3        EV: 11    Int:  9    God:    Elyvilon [**....]
Gold:   42         SH:  0    Dex: 17    Spells: 1/1 levels left

rFire   . . .      SeeInvis .   a - +0 shortbow
rCold   . . .      Faith    .   (shield currently unavailable)
rNeg    . . .      Spirit   +   c - +0 leather armour
rPois   .          Reflect  .   (no helmet)
rElec   .          Harm     .   (no cloak)
rCorr   .          Rampage  .   (no gloves)
Will    +....                   (no boots)
Stlth   ++........              (no amulet)
HPRegen 0.05/turn               i - ring of willpower
MPRegen 0.08/turn               (no ring)

@: no status effects
A: fangs 2, magic shield, antimagic bite, no potion heal 2
a: Renounce Religion, Purification, Heal Other


You were on level 2 of the Dungeon.
You worshipped Elyvilon.
Elyvilon was pleased with you.
You visited 1 branch of the dungeon, and saw 2 of its levels.

You collected 42 gold pieces.

Inventory:

Hand Weapons
 a - a +0 shortbow (weapon)
 b - a +0 dagger
Armour
 c - a +0 leather armour (worn)
Jewellery
 i - a ring of willpower (left hand)
Scrolls
 d - a scroll of amnesia
 e - 3 scrolls of poison
 f - a scroll of teleportation {@r4}
 l - a scroll of immolation
Potions
 g - a potion of curing {unknown}


   Skills:
 + Level 2.1 Fighting
 * Level 0.5 Short Blades
 - Level 3.6 Ranged Weapons
 - Level 1.5 Dodging
 + Level 2.0 Stealth
 + Level 1.0 Invocations


You had one spell level left.
You didn't know any spells.
Your spell library contained the following spells:

 Spells                   Type           Power      Damage    Failure   Level
 Sting                    Tmut/Pois      0%         1d3       45%         1
 Poisonous Vapours        Pois/Air       0%         N/A       61%         2
 Corpse Rot               Necr/Pois/Air  0%         N/A       99%         4


Dungeon Overview and Level Annotations

Branches:
Dungeon (2/15)

Altars:
Elyvilon


Innate Abilities, Weirdness & Mutations

You have extremely sharp teeth.
When hurt, damage is shared between your health and your magic reserves.
Your bite disrupts and absorbs the magic of your enemies.
Potions cannot restore your health.


Message History

Press: ? - help, Dir - move target, f - you Are you sure you want to cancel this blink?
Okay, then.
As you read the scroll labelled ELYABRITRI, it crumbles to dust.
It was a scroll of blinking.
As you read the scroll labelled NUM JUNEIVISARAJ, it crumbles to dust.
You assume a fearsome visage.
Nothing appears to happen.
It was a scroll of fear.
As you read the scroll labelled ITIOXKOEBE, it crumbles to dust.
It is a scroll of identify.
d - a scroll of amnesia You see here a +0 sling.
There is a stone staircase leading down here.
You climb downwards.
There is a stone staircase leading up here.
A worm is nearby!
You shoot an arrow. The arrow hits the worm!
The worm is heavily wounded.
You shoot an arrow. The arrow hits the worm.
The worm is almost dead.
You shoot an arrow. The arrow barely misses the worm.
The worm bites you but does no damage.
You shoot an arrow. The arrow hits the worm.
The worm is almost dead.
The worm barely misses you.
You shoot an arrow.
The arrow hits the worm but does no damage.
The worm is almost dead.
The worm barely misses you.
You shoot an arrow. The arrow barely misses the worm.
You shoot an arrow.
The arrow hits the worm but does no damage.
The worm is severely wounded.
The worm bites you!
You are too injured to fight recklessly!
You are too injured to fight recklessly!
Okay, then.
The worm bites you!
Ouch! That really hurt!
You die...

#. #. #. .
#. .# .
##.####.##.#
...$......
#.......
#.###.#w.#
#..$.@†.#
##.#.##.#
... .# #...
.# #.#.. .#
#.##.. .#
... #.# .#
.# #. .#


You could see a worm.

Vanquished Creatures
  2 ball pythons (D:1)
  An endoplasm (D:2)
  A giant cockroach (D:2)
  2 goblins
  A hobgoblin (D:1)
  4 jackals (D:1)
  2 bats
  2 rats (D:1)
15 creatures vanquished.

Notes
Turn   | Place    | Note
-------+----------+-------------------------------------------
     0 | D:1      | freelancePsychic the Vine Stalker Hunter began the quest
                  | for the Orb.
     0 | D:1      | Reached XP level 1. HP: 11/11 MP: 2/2
     6 | D:1      | Noticed an anaconda
     6 | D:1      | Noticed a black bear
     7 | D:1      | Noticed a lindwurm
     7 | D:1      | Noticed a hound
    84 | D:1      | Found a faded altar of an unknown god.
    92 | D:1      | Got Plato's Atlas of the Stinger
    93 | D:1      | Prayed at the altar of an unknown god.
    93 | D:1      | Became a worshipper of Elyvilon the Healer
    93 | D:1      | Reached * piety under Elyvilon
   166 | D:1      | Elyvilon protects you from harm!
   167 | D:1      | Elyvilon protects you from harm!
   532 | D:1      | Reached XP level 2. HP: 15/15 MP: 3/3
   997 | D:2      | Reached ** piety under Elyvilon
  1007 | D:2      | Reached skill level 1 in Invocations
  1117 | D:2      | Slain by a worm

Illustrated notes

Levels and vault maps discovered:
D:1:      onia_arrival_zoo_common, layout_loops_ring,
          shapermc_ecumenical_altar_rom_forum
D:2:      layout_loops_ring

Skill      XL: |  1  2 |
---------------+-------+-----
Fighting       | 2 |  2.1
Stealth        | 2 |  2.0
Invocations    | 1 |  1.0
Short Blades   | |  0.5
Ranged Weapons | |  3.6
Dodging        | |  1.5

Action                   || total
-------------------------++-------
Melee: Shortbow          ||     1
 Fire: Shortbow          ||    58
  Use: Scroll            ||     5
       Potion            ||     1
Armor: Leather armour    ||    18
Dodge: Dodged            ||    23

Table legend: (Time is in decaauts)
 A = Elapsed time spent in this place.
 B = Non-inter-level travel time spent in this place.
 C = Inter-level travel time spent in this place.
 D = Time resting spent in this place.
 E = Time spent auto-exploring this place.
 F = Levels seen in this place.
 G = Mean time per level.
                   A        B        C        D        E       F      G
               +--------+--------+--------+--------+--------+-----+--------+
         Total |   1138 |   1081 |     57 |     13 |    938 |   2 |  569.0 |
       Dungeon |   1138 |   1081 |     57 |     13 |    938 |   2 |  569.0 |
               +--------+--------+--------+--------+--------+-----+--------+

Top non-repeatable levels by time:
     D:1: 1059 daAuts
     D:2: 79 daAuts
